 Dungeon Crawl Stone Soup version 0.29.0-4-gdea44cf6ec (webtiles) character file.

Game seed: 7049288158782310347

75796 qw the Severer (level 15, 0/98 HPs)
             Began as a Gargoyle Fighter on Sept 9, 2022.
             Was a High Priest of Okawaru.
             Killed from afar by a wizard (44 damage)
             ... with a fireball
             ... on level 14 of the Dungeon.
             The game lasted 00:09:36 (23746 turns).

qw the Severer (Gargoyle Fighter)                  Turns: 23746, Time: 00:09:36

Health: 0/98       AC: 34    Str: 34    XL:     15   Next: 51%
Magic:  22/22      EV: 14    Int:  8    God:    Okawaru [*****.]
Gold:   2011       SH:  8    Dex:  7    Spells: 14/14 levels left

rFire   . . .      SeeInvis .   c - +0 broad axe
rCold   + . .      Faith    .   f - +2 buckler
rNeg    + . .      Spirit   .   q - +3 plate armour
rPois   inf        Reflect  .   (no helmet)
rElec   +          Harm     .   k - +2 cloak
rCorr   .          Rampage  .   m - +2 pair of gloves
Will    ++...                   (no boots)
Stlth   ..........              (no amulet)
HPRegen 0.26/turn               o - +6 ring of strength
MPRegen 0.18/turn               b - +4 ring of evasion

@: heroic, corroded, flying
A: sickness immunity, AC +11, big wings, negative energy resistance 1,
electricity resistance, torment resistance 1, petrification resistance, clumsy
1, cold resistance 1, strong-willed 1
a: Renounce Religion, Heroism, Finesse, Duel


You were on level 14 of the Dungeon.
You worshipped Okawaru.
Okawaru was extremely pleased with you.
You visited 3 branches of the dungeon, and saw 20 of its levels.
You also visited: Sewer.

You collected 2011 gold pieces.


Innate Abilities, Weirdness & Mutations

You are immune to sickness and miasma.
Your stone body is resilient. (AC +11)
You are immune to poison.
Your large and strong wings let you fly.
You resist negative energy. (rN+)
You are resistant to electric shocks. (rElec)
You are resistant to unholy torment.
You are immune to petrification.
You are clumsy. (Dex -2)
Your flesh is cold resistant. (rC+)
You are strong-willed. (Will+)


   Skills:
 - Level 13.1(18.1) Fighting
 - Level 17.4(22.4) Axes
 + Level 4.8(9.8) Throwing
 - Level 11.0(16.0) Armour
 - Level 2.1(7.1) Dodging
 - Level 8.1(13.1) Shields
 - Level 10.0 Invocations


You had 14 spell levels left.
You didn't know any spells.
Your spell library was empty.

Inventory:

Hand Weapons
 c - a +0 broad axe (weapon)
 h - a +0 morningstar
Missiles
 v - 4 boomerangs
 w - 3 javelins (quivered)
Armour
 f - a +2 buckler (worn)
 k - a +2 cloak (worn)
 m - a +2 pair of gloves (worn)
 q - a +3 plate armour (worn)
Jewellery
 b - a +4 ring of evasion (right hand)
 o - a +6 ring of strength (left hand)
Scrolls
 g - 11 scrolls of identify
 j - 4 scrolls of teleportation
 n - 4 scrolls of fog
 p - 4 scrolls of blinking
Potions
 a - 5 potions of mutation
 d - 2 potions of might
 e - 3 potions of heal wounds
 i - 3 potions of cancellation
 l - 14 potions of curing
 r - 4 potions of attraction
 s - a potion of haste
 t - 4 potions of resistance
 u - a potion of magic
 z - 2 potions of lignification

Dungeon Overview and Level Annotations

Branches:
Dungeon (14/15)            Temple (1/1) D:5            Lair (5/5) D:9
  Swamp (0/4) Lair:3       Spider (0/4) Lair:3        Slime (0/5) Lair:5
    Orc (0/2) D:12          Sewer (visited)
 Vaults: D:13-14

Altars:
Ashenzari
Cheibriados
Dithmenos
Elyvilon
Fedhas
Gozag
Hepliaklqana
Kikubaaqudgha
Makhleb
Nemelex Xobeh
Okawaru
Qazlal
Ru
Sif Muna
Trog
Uskayaw
Vehumet
Wu Jian
Xom
Yredelemnul
Zin
The Shining One

Annotations:
D:10 3 runed translucent doors, qw's ghost, novice MiBe
D:11 1 transporter


Message History

You slice the white ugly thing!!
The white ugly thing is severely wounded.
You closely miss the white ugly thing.
The wizard gestures wildly while chanting.
The wizard flickers and vanishes!
Deactivating autopickup; reactivate with Ctrl-A.
You slice the white ugly thing!!
You kill the white ugly thing!
Okawaru accepts your kill.
You slice the white ugly thing!! You slice the white ugly thing!!
The white ugly thing is almost dead.
The white ugly thing completely misses you.
You hit the white ugly thing but do no damage.
The white ugly thing is almost dead.
You barely miss the wolf spider simulacrum.
The wolf spider simulacrum hits you but does no damage.
You block the wolf spider simulacrum's attack.
You barely miss the white ugly thing.
The white ugly thing is almost dead.
You slice the wolf spider simulacrum!!
The white ugly thing closely misses you.
You block the wolf spider simulacrum's attack. x2
You hit the white ugly thing but do no damage.
The white ugly thing is almost dead.
You slash the wolf spider simulacrum!
The wolf spider simulacrum vaporises!
Okawaru accepts your kill.
The white ugly thing engulfs you but does no damage.
You slash the white ugly thing!
You kill the white ugly thing!
Okawaru accepts your kill.
You closely miss something. You slash something! You block something's attack.
You closely miss something.
You hear some strange, mumbled words.
A fireball appears from out of thin air!
The fireball explodes!
The fireball engulfs you!!!
You die...

.## p# ..# #. # ..
.# .#.. #. .#.
.#.#
##.#####.###.#.##
.............#..##
..#..)).....#...##
#....#%0{.###....#
#...@..)......+
#...##..####.....#
#...>...# #.<%..##
#.<..##.# #.#.:##
#..#. #.# #.#.##
#. # #.# #.#.# .
... #.#.. ...
#.#.. ..#...


There were no monsters in sight!

Vanquished Creatures
  Rupert (D:13)
  A vampire knight (D:13)
  Snorg (Lair:3)
  2 boulder beetles
  3 hydras
  2 centaur warriors (D:14)
  A tengu warrior (D:12)
  5 two-headed ogres
  11 death yaks (Lair:5)
  Sonja (D:11)
  3 fire crabs
  A skeletal warrior (D:12)
  Nergalle (D:12)
  A shadow wraith (D:13)
  Lodul (D:11)
  A fire crab (shapeshifter) (D:13)
  A flayed ghost (D:13)
  A wizard (D:13)
  An orc knight (D:13)
  A harpy (D:12)
  2 wolf spiders (Lair:1)
  A phantasmal warrior (D:13)
  4 oklob plants (Lair:5)
  2 deep elf pyromancers (D:13)
  4 ugly things
  A will-o-the-wisp (Lair:3)
  3 cyclopes (D:12)
  4 manticores
  6 elephants (Lair:3)
  4 black mambas
  A molten gargoyle (D:13)
  3 torpor snails (Lair:4)
  11 cane toads
  A yaktaur (D:12)
  A rime drake (Lair:3)
  9 komodo dragons
  2 kobold demonologists
  4 efreet
  An unseen horror (D:12)
  7 trolls
  A meliai (shapeshifter) (D:13)
  8 polar bears
  7 hornets
  A wolf spider simulacrum (D:14)
  11 blink frogs
  A dream sheep (Lair:5)
  Prince Ribbit (D:9)
  9 slime creatures
  3 shadows (D:12)
  A vampire (D:13)
  14 spriggans (Lair:5)
  3 wyverns
  40 yaks
  A basilisk (Lair:3)
  4 wraiths (D:12)
  A steam dragon (D:8)
  2 redbacks (Lair:3)
  3 vampire mosquitoes
  3 acid dragons
  2 wargs (D:9)
  Duvessa (D:6)
  22 water moccasins
  3 orc warriors
  4 sky beasts (D:7)
  3 ice beasts
  2 black bears (Lair:5)
  29 wolves
  9 ogres
  4 boggarts (Lair:5)
  2 phantoms
  10 centaurs
  2 kobold brigands (D:13)
  A gnoll sergeant (D:10)
  19 bullfrogs
  2 necrophages
  4 scorpions
  15 wights
  Dowan (D:6)
  8 killer bees
  3 howler monkeys
  2 hounds
  3 jellies
  9 orc priests
  3 gnoll boudas
  2 iguanas
  15 orc wizards
  12 adders
  23 gnolls
  3 white imps
  A worm (D:3)
  2 dart slugs
  28 orcs
  17 ball pythons
  5 endoplasms
  8 giant cockroaches
  5 goblins
  14 hobgoblins
  8 jackals
  7 kobolds
  7 quokkas
  10 bats
  11 frilled lizards
  8 rats
  A butterfly (Lair:3)
575 creatures vanquished.

Vanquished Creatures (others)
  A manticore (D:12)
  A komodo dragon (D:12)
  An orc wizard (D:12)
  8 foxfires (Lair:3)
  29 fungi
  25 plants
65 creatures vanquished.

Grand Total: 640 creatures vanquished

Notes
Turn   | Place    | Note
-------+----------+-------------------------------------------
     0 | D:1      | qw the Gargoyle Fighter began the quest for the Orb.
     0 | D:1      | Reached XP level 1. HP: 14/14 MP: 1/1
     0 | D:1      | 0 ||| qw: Version: 0.1-a-113-g051387a
     0 | D:1      | 0 ||| qw: Game counter: 7320
     0 | D:1      | 0 ||| qw: Always use a shield: true
     0 | D:1      | 0 ||| qw: God list: Okawaru
     0 | D:1      | 0 ||| qw: Allow faded altars: false
     0 | D:1      | 0 ||| qw: Do Orc after D:15 true
     0 | D:1      | 0 ||| qw: Do second Lair branch before Depths: true
     0 | D:1      | 0 ||| qw: Lair rune preference: random
     0 | D:1      | 0 ||| qw: Plans: Normal, Zot, God:TSO, Crypt, Tomb, Zig,
                  | Orb
     0 | D:1      | 0 ||| PLANNING D:1-11
    42 | D:1      | Reached skill level 2 in Axes
   102 | D:1      | Reached XP level 2. HP: 19/19 MP: 2/2
   188 | D:1      | 188 ||| Stepping ~*~*~tactically~*~*~ (stealth).
   212 | D:1      | 212 ||| Stepping ~*~*~tactically~*~*~ (stealth).
   216 | D:1      | 216 ||| Stepping ~*~*~tactically~*~*~ (stealth).
   247 | D:1      | 247 ||| Stepping ~*~*~tactically~*~*~ (stealth).
   284 | D:1      | 284 ||| Stepping ~*~*~tactically~*~*~ (stealth).
   329 | D:1      | 329 ||| Stepping ~*~*~tactically~*~*~ (stealth).
   460 | D:1      | Reached skill level 3 in Axes
   481 | D:1      | Reached XP level 3. HP: 23/23 MP: 3/3
   915 | D:1      | 915 ||| DROPPING scarf of harm.
   916 | D:1      | 916 ||| READING scroll labelled LEX DYFFUWKUNG.
   917 | D:1      | 917 ||| READING 3 scrolls labelled DUNUATROE.
   918 | D:1      | 918 ||| READING scroll labelled PAUMOCLIFE.
   919 | D:1      | 919 ||| READING 2 scrolls labelled BEGRYR DENA.
   922 | D:1      | 922 ||| READING scroll labelled ESUSHR ZUME.
   978 | D:1      | 978 ||| READING 3 scrolls labelled QIOLEM ITUBACO.
   979 | D:1      | 979 ||| DROPPING 2 scrolls of poison.
   980 | D:1      | 980 ||| DROPPING 2 scrolls of vulnerability.
  1005 | D:2      | 1005 ||| STAIRDANCE
  1011 | D:2      | 1011 ||| STAIRDANCE
  1048 | D:2      | 1048 ||| STAIRDANCE
  1055 | D:1      | 1055 ||| READING scroll labelled SUFOICOILA.
  1059 | D:2      | 1059 ||| STAIRDANCE
  1074 | D:2      | 1074 ||| STAIRDANCE
  1150 | D:2      | Reached XP level 4. HP: 19/28 MP: 4/4
  1258 | D:2      | Reached skill level 4 in Axes
  1385 | D:2      | Found a faded altar of an unknown god.
  1437 | D:2      | 1437 ||| Stepping ~*~*~tactically~*~*~ (stealth).
  1439 | D:2      | 1439 ||| Stepping ~*~*~tactically~*~*~ (stealth).
  1851 | D:3      | 1851 ||| Stepping ~*~*~tactically~*~*~ (stealth).
  2056 | D:3      | 2056 ||| STAIRDANCE
  2060 | D:2      | Reached XP level 5. HP: 20/32 MP: 5/5
  2889 | D:3      | Reached skill level 5 in Axes
  3112 | D:3      | 3112 ||| UPGRADING to +2 pair of gloves.
  3117 | D:3      | 3117 ||| UPGRADING to +6 ring of strength.
  3118 | D:3      | 3118 ||| READING 2 scrolls labelled KOHAHY NOURGH.
  3119 | D:3      | 3119 ||| READING 2 scrolls labelled XUHYLINGYQ.
  3120 | D:3      | 3120 ||| READING scroll labelled BAOCSIU YSEPNO.
  3121 | D:3      | 3121 ||| READING scroll labelled GACUUGRARANG.
  3122 | D:3      | 3122 ||| READING scroll labelled WAHIAB ZOQIWN.
  3123 | D:3      | 3123 ||| DRINKING 2 clear potions.
  3124 | D:3      | 3124 ||| DROPPING scroll of immolation.
  3255 | D:4      | Reached skill level 1 in Dodging
  3255 | D:4      | Reached XP level 6. HP: 32/38 MP: 6/6
  3372 | D:4      | 3372 ||| DROPPING +0 mace.
  3655 | D:4      | Noticed an ice beast
  3659 | D:4      | Killed an ice beast
  3911 | D:4      | 3911 ||| READING scroll of brand weapon.
  3911 | D:4      | 3911 ||| BRANDING +1 war axe of freezing.
  4051 | D:4      | Reached XP level 7. HP: 43/43 MP: 7/7
  4356 | D:4      | 4356 ||| READING scroll labelled JOKHAK OROSM.
  4357 | D:4      | 4357 ||| DRINKING 3 coppery potions.
  4357 | D:4      | Gained mutation: You do not regenerate when monsters are
                  | visible. [potion of mutation]
  4357 | D:4      | Gained mutation: You expend magic power (3 MP) to
                  | strengthen your wands. [potion of mutation]
  4358 | D:4      | 4358 ||| DRINKING 2 potions of mutation.
  4358 | D:4      | Lost mutation: You do not regenerate when monsters are
                  | visible. [potion of mutation]
  4358 | D:4      | Lost mutation: You expend magic power (3 MP) to strengthen
                  | your wands. [potion of mutation]
  4358 | D:4      | Gained mutation: You are strong-willed. (Will+) [potion of
                  | mutation]
  4358 | D:4      | Gained mutation: You are clumsy. (Dex -2) [potion of
                  | mutation]
  4358 | D:4      | Gained mutation: Your flesh is cold resistant. (rC+)
                  | [potion of mutation]
  4394 | D:5      | Entered Level 5 of the Dungeon
  4414 | D:5      | Reached skill level 6 in Axes
  4425 | D:5      | 4425 ||| Stepping ~*~*~tactically~*~*~ (hiding).
  4426 | D:5      | 4426 ||| Stepping ~*~*~tactically~*~*~ (hiding).
  4579 | D:5      | Found a staircase to the Ecumenical Temple.
  4580 | D:5      | 4580 ||| PLANNING TEMPLE
  4673 | D:5      | 4673 ||| READING scroll of enchant weapon.
  4673 | D:5      | 4673 ||| ENCHANTING +1 war axe of draining.
  4948 | D:5      | Reached skill level 7 in Axes
  4992 | D:5      | 4992 ||| READING 2 scrolls of identify.
  4992 | D:5      | 4992 ||| IDENTIFYING pink potion
  5016 | Temple   | Entered the Ecumenical Temple
  5105 | Temple   | 5105 ||| PLANNING D:1-11
  5303 | D:6      | 5303 ||| PLANNING SEWER
  5319 | D:6      | 5319 ||| Stepping ~*~*~tactically~*~*~ (hiding).
  5331 | D:6      | Reached XP level 8. HP: 35/48 MP: 8/8
  5484 | D:6      | 5484 ||| Stepping ~*~*~tactically~*~*~ (hiding).
  5488 | D:6      | 5488 ||| Stepping ~*~*~tactically~*~*~ (hiding).
  5669 | D:6      | 5669 ||| UPGRADING to +0 chain mail.
  5837 | D:6      | 5837 ||| DROPPING +0 scale mail.
  5842 | D:6      | Found a glowing drain.
  5859 | Sewer    | Entered a sewer
  5870 | Sewer    | 5870 ||| Stepping ~*~*~tactically~*~*~ (water).
  6072 | Sewer    | Reached skill level 8 in Axes
  6405 | Sewer    | 6405 ||| UPGRADING to +4 ring of evasion.
  6406 | Sewer    | 6406 ||| DROPPING ring of ice.
  6407 | Sewer    | 6407 ||| READING scroll labelled REBUASOSTAO.
  6408 | Sewer    | 6408 ||| READING 3 scrolls of identify.
  6408 | Sewer    | 6408 ||| IDENTIFYING viscous white potion
  6409 | Sewer    | 6409 ||| READING 2 scrolls of identify.
  6409 | Sewer    | 6409 ||| IDENTIFYING fuming grey potion
  6410 | Sewer    | 6410 ||| DROPPING potion of berserk rage.
  6430 | D:6      | 6430 ||| PLANNING D:1-11
  6477 | D:6      | Noticed Duvessa
  6477 | D:6      | Noticed Dowan
  6478 | D:6      | 6478 ||| Stepping ~*~*~tactically~*~*~ (stealth).
  6480 | D:6      | 6480 ||| Stepping ~*~*~tactically~*~*~ (hiding).
  6488 | D:6      | Killed Dowan
  6492 | D:6      | Killed Duvessa
  6493 | D:6      | Reached skill level 6 in Fighting
  6659 | D:6      | 6659 ||| Stepping ~*~*~tactically~*~*~ (hiding).
  6660 | D:6      | 6660 ||| Stepping ~*~*~tactically~*~*~ (hiding).
  6788 | D:6      | 6788 ||| Stepping ~*~*~tactically~*~*~ (hiding).
  6800 | D:6      | 6800 ||| FLEEEEING.
  6807 | D:6      | 6807 ||| Stepping ~*~*~tactically~*~*~ (stealth).
  6916 | D:6      | Reached XP level 9. HP: 56/56 MP: 9/9
  6918 | D:6      | Found a bloodstained altar of Trog.
  6919 | D:6      | Found a shadowy altar of Dithmenos.
  6934 | D:6      | Reached skill level 9 in Axes
  7225 | D:6      | 7225 ||| Stepping ~*~*~tactically~*~*~ (hiding).
  7314 | D:6      | 7314 ||| UPGRADING to +0 cloak.
  7319 | D:6      | 7319 ||| READING scroll of enchant armour.
  7319 | D:6      | 7319 ||| ENCHANTING +0 cloak.
  7320 | D:6      | 7320 ||| READING 4 scrolls of identify.
  7320 | D:6      | 7320 ||| IDENTIFYING black potion
  7321 | D:6      | 7321 ||| READING 3 scrolls of identify.
  7321 | D:6      | 7321 ||| IDENTIFYING golden potion
  7322 | D:6      | 7322 ||| DROPPING potion of flight.
  7374 | D:7      | 7374 ||| Stepping ~*~*~tactically~*~*~ (hiding).
  7438 | D:7      | 7438 ||| Stepping ~*~*~tactically~*~*~ (stealth).
  7440 | D:7      | 7440 ||| Stepping ~*~*~tactically~*~*~ (stealth).
  7441 | D:7      | 7441 ||| Stepping ~*~*~tactically~*~*~ (stealth).
  7443 | D:7      | 7443 ||| Stepping ~*~*~tactically~*~*~ (stealth).
  7455 | D:7      | 7455 ||| Stepping ~*~*~tactically~*~*~ (stealth).
  7707 | D:7      | 7707 ||| READING scroll of enchant armour.
  7707 | D:7      | 7707 ||| ENCHANTING +1 cloak.
  7750 | D:7      | 7750 ||| Stepping ~*~*~tactically~*~*~ (stealth).
  7768 | D:7      | 7768 ||| FLEEEEING.
  7772 | D:7      | 7772 ||| FLEEEEING.
  7787 | D:7      | 7787 ||| FLEEEEING.
  7795 | D:7      | 7795 ||| FLEEEEING.
  7921 | D:7      | Reached skill level 10 in Axes
  7965 | D:7      | 7965 ||| Stepping ~*~*~tactically~*~*~ (stealth).
  8276 | D:7      | Found an iron altar of Okawaru.
  8288 | D:7      | Became a worshipper of Warmaster Okawaru
  8377 | D:7      | 8377 ||| READING 3 scrolls of identify.
  8377 | D:7      | 8377 ||| IDENTIFYING yellow potion
  8409 | D:8      | 8409 ||| STAIRDANCE
  8416 | D:8      | 8416 ||| STAIRDANCE
  8420 | D:7      | Reached XP level 10. HP: 61/64 MP: 10/10
  8486 | D:8      | 8486 ||| STAIRDANCE
  8545 | D:8      | 8545 ||| STAIRDANCE
  8565 | D:8      | Reached skill level 3 in Throwing
  8586 | D:8      | 8586 ||| Stepping ~*~*~tactically~*~*~ (stealth).
  8588 | D:8      | 8588 ||| Stepping ~*~*~tactically~*~*~ (stealth).
  8594 | D:8      | 8594 ||| Stepping ~*~*~tactically~*~*~ (stealth).
  8601 | D:8      | 8601 ||| FLEEEEING.
  8813 | D:8      | 8813 ||| Stepping ~*~*~tactically~*~*~ (hiding).
  8823 | D:8      | Reached * piety under Okawaru
  8948 | D:8      | Found a burning altar of Makhleb.
  9056 | D:8      | 9056 ||| DROPPING +2 pair of gloves.
  9057 | D:8      | 9057 ||| READING scroll labelled ZAMAATSOKK.
  9058 | D:8      | 9058 ||| DRINKING 2 puce potions.
  9059 | D:8      | 9059 ||| READING 2 scrolls of identify.
  9059 | D:8      | 9059 ||| IDENTIFYING green potion
  9060 | D:8      | 9060 ||| DROPPING potion of brilliance.
  9061 | D:8      | 9061 ||| DROPPING potion of degeneration.
  9087 | D:9      | 9087 ||| INVOKING Heroism.
  9088 | D:9      | 9088 ||| STAIRDANCE
  9123 | D:9      | 9123 ||| STAIRDANCE
  9125 | D:8      | 9125 ||| INVOKING Heroism.
  9130 | D:8      | Reached skill level 1 in Invocations
  9223 | D:9      | 9223 ||| STAIRDANCE
  9232 | D:9      | 9232 ||| STAIRDANCE
  9256 | D:9      | 9256 ||| INVOKING Heroism.
  9257 | D:9      | 9257 ||| STAIRDANCE
  9276 | D:9      | 9276 ||| STAIRDANCE
  9278 | D:8      | 9278 ||| INVOKING Heroism.
  9319 | D:9      | 9319 ||| STAIRDANCE
  9433 | D:9      | 9433 ||| Stepping ~*~*~tactically~*~*~ (stealth).
  9434 | D:9      | 9434 ||| Stepping ~*~*~tactically~*~*~ (stealth).
  9565 | D:9      | 9565 ||| INVOKING Heroism.
  9568 | D:9      | Reached skill level 11 in Axes
  9568 | D:9      | Reached skill level 3 in Invocations
  9569 | D:9      | 9569 ||| Stepping ~*~*~tactically~*~*~ (hiding).
  9570 | D:9      | 9570 ||| Stepping ~*~*~tactically~*~*~ (hiding).
  9590 | D:9      | 9590 ||| Stepping ~*~*~tactically~*~*~ (hiding).
  9669 | D:9      | 9669 ||| INVOKING Heroism.
  9671 | D:9      | Found a staircase to the Lair.
  9704 | D:9      | Noticed a two-headed ogre
  9705 | D:9      | 9705 ||| INVOKING Heroism.
  9713 | D:9      | Killed a two-headed ogre
  9713 | D:9      | Reached ** piety under Okawaru
  9714 | D:9      | Reached skill level 6 in Armour
  9859 | D:9      | 9859 ||| Stepping ~*~*~tactically~*~*~ (hiding).
  9860 | D:9      | 9860 ||| Stepping ~*~*~tactically~*~*~ (hiding).
  9864 | D:9      | Noticed Prince Ribbit
  9871 | D:9      | Killed Prince Ribbit
 10022 | D:9      | Reached XP level 11. HP: 62/69 MP: 14/14
 10261 | D:9      | 10261 ||| PLANNING LAIR
 10261 | D:9      | 10261 ||| UPGRADING to +0 plate armour.
 10271 | D:9      | 10271 ||| DROPPING +0 chain mail.
 10272 | D:9      | 10272 ||| READING 3 scrolls of enchant armour.
 10272 | D:9      | 10272 ||| ENCHANTING +0 plate armour.
 10273 | D:9      | 10273 ||| READING 2 scrolls of enchant armour.
 10273 | D:9      | 10273 ||| ENCHANTING +1 plate armour.
 10274 | D:9      | 10274 ||| READING scroll of enchant armour.
 10274 | D:9      | 10274 ||| ENCHANTING +2 plate armour.
 10275 | D:9      | 10275 ||| READING 4 scrolls of identify.
 10275 | D:9      | 10275 ||| IDENTIFYING fizzy clear potion
 10324 | Lair:1   | Entered Level 1 of the Lair of Beasts
 10386 | Lair:1   | 10386 ||| INVOKING Heroism.
 10415 | Lair:1   | Reached skill level 9 in Fighting
 10449 | Lair:1   | 10449 ||| INVOKING Heroism.
 10464 | Lair:1   | Reached *** piety under Okawaru
 10659 | Lair:1   | 10659 ||| Stepping ~*~*~tactically~*~*~ (stealth).
 10660 | Lair:1   | 10660 ||| Stepping ~*~*~tactically~*~*~ (stealth).
 10662 | Lair:1   | 10662 ||| INVOKING Heroism.
 10667 | Lair:1   | 10667 ||| Stepping ~*~*~tactically~*~*~ (stealth).
 10669 | Lair:1   | 10669 ||| Stepping ~*~*~tactically~*~*~ (stealth).
 10689 | Lair:1   | 10689 ||| INVOKING Heroism.
 10777 | Lair:1   | Noticed a wolf spider
 10778 | Lair:1   | 10778 ||| INVOKING Heroism.
 10778 | Lair:1   | Noticed a wolf spider
 10790 | Lair:1   | Killed a wolf spider
 10790 | Lair:1   | Reached **** piety under Okawaru
 10791 | Lair:1   | Reached skill level 12 in Axes
 10795 | Lair:1   | Killed a wolf spider
 10800 | Lair:1   | 10800 ||| INVOKING Heroism.
 10954 | Lair:1   | 10954 ||| INVOKING Heroism.
 10959 | Lair:1   | Reached skill level 6 in Shields
 10960 | Lair:1   | Reached skill level 6 in Invocations
 10975 | Lair:1   | Reached ***** piety under Okawaru
 11378 | Lair:1   | 11378 ||| INVOKING Heroism.
 11389 | Lair:1   | Reached XP level 12. HP: 77/77 MP: 14/17
 11525 | Lair:1   | 11525 ||| DROPPING +1 cloak.
 11526 | Lair:1   | 11526 ||| DROPPING orb of guile.
 11527 | Lair:1   | 11527 ||| DROPPING +6 ring of dexterity.
 11528 | Lair:1   | 11528 ||| DROPPING ring of magical power.
 11573 | Lair:2   | 11573 ||| STAIRDANCE
 11660 | Lair:2   | 11660 ||| INVOKING Heroism.
 11904 | Lair:2   | 11904 ||| Stepping ~*~*~tactically~*~*~ (hiding).
 11906 | Lair:2   | 11906 ||| Stepping ~*~*~tactically~*~*~ (hiding).
 11907 | Lair:2   | 11907 ||| Stepping ~*~*~tactically~*~*~ (hiding).
 12169 | Lair:2   | 12169 ||| Stepping ~*~*~tactically~*~*~ (stealth).
 12170 | Lair:2   | 12170 ||| Stepping ~*~*~tactically~*~*~ (stealth).
 12171 | Lair:2   | 12171 ||| Stepping ~*~*~tactically~*~*~ (stealth).
 12173 | Lair:2   | 12173 ||| INVOKING Heroism.
 12182 | Lair:2   | Received a gift from Okawaru
 12273 | Lair:2   | 12273 ||| INVOKING Heroism.
 12468 | Lair:2   | Reached skill level 9 in Invocations
 12781 | Lair:2   | 12781 ||| READING 4 scrolls of identify.
 12781 | Lair:2   | 12781 ||| IDENTIFYING bubbling brown potion
 12782 | Lair:2   | 12782 ||| DROPPING potion of ambrosia.
 12825 | Lair:3   | 12825 ||| Stepping ~*~*~tactically~*~*~ (stealth).
 12828 | Lair:3   | 12828 ||| Stepping ~*~*~tactically~*~*~ (stealth).
 12838 | Lair:3   | 12838 ||| INVOKING Heroism.
 12844 | Lair:3   | Reached skill level 13 in Axes
 12856 | Lair:3   | 12856 ||| Stepping ~*~*~tactically~*~*~ (stealth).
 12896 | Lair:3   | 12896 ||| FLEEEEING.
 12899 | Lair:3   | 12899 ||| STAIRDANCE
 12977 | Lair:2   | 12977 ||| READING 3 scrolls of identify.
 12977 | Lair:2   | 12977 ||| IDENTIFYING emerald potion
 13007 | Lair:3   | 13007 ||| Stepping ~*~*~tactically~*~*~ (stealth).
 13041 | Lair:3   | 13041 ||| FLEEEEING.
 13044 | Lair:3   | 13044 ||| FLEEEEING.
 13048 | Lair:3   | 13048 ||| STAIRDANCE
 13217 | Lair:3   | Noticed Snorg
 13218 | Lair:3   | 13218 ||| INVOKING Heroism.
 13219 | Lair:3   | 13219 ||| INVOKING Finesse.
 13236 | Lair:3   | Killed Snorg
 13304 | Lair:3   | 13304 ||| Stepping ~*~*~tactically~*~*~ (stealth).
 13394 | Lair:3   | 13394 ||| INVOKING Heroism.
 13402 | Lair:3   | Reached skill level 9 in Armour
 13507 | Lair:3   | Found a hole to the Spider Nest.
 13600 | Lair:3   | Found a staircase to the Swamp.
 13622 | Lair:3   | 13622 ||| INVOKING Heroism.
 13628 | Lair:3   | Received a gift from Okawaru
 13882 | Lair:3   | 13882 ||| INVOKING Heroism.
 13904 | Lair:3   | Reached XP level 13. HP: 82/82 MP: 20/20
 13959 | Lair:3   | 13959 ||| INVOKING Heroism.
 14005 | Lair:3   | 14005 ||| INVOKING Heroism.
 14011 | Lair:3   | 14011 ||| Stepping randomly (cloudy).
 14012 | Lair:3   | 14012 ||| Stepping ~*~*~tactically~*~*~ (cloud).
 14019 | Lair:3   | HP: 18/82 [something (25)]
 14323 | Lair:3   | 14323 ||| Stepping ~*~*~tactically~*~*~ (hiding).
 14326 | Lair:3   | 14326 ||| INVOKING Heroism.
 14338 | Lair:3   | Reached skill level 14 in Axes
 14350 | Lair:3   | Received a gift from Okawaru
 14527 | Lair:3   | 14527 ||| DROPPING +2 war axe of distortion.
 14685 | Lair:4   | 14685 ||| INVOKING Heroism.
 14686 | Lair:4   | 14686 ||| INVOKING Finesse.
 14689 | Lair:4   | 14689 ||| SWAPPING to +0 morningstar.
 14699 | Lair:4   | 14699 ||| SWAPPING to +2 war axe of draining.
 14893 | Lair:4   | 14893 ||| INVOKING Heroism.
 14901 | Lair:4   | 14901 ||| Stepping ~*~*~tactically~*~*~ (stealth).
 15088 | Lair:4   | 15088 ||| FLEEEEING.
 15090 | Lair:4   | 15090 ||| FLEEEEING.
 15091 | Lair:4   | 15091 ||| FLEEEEING.
 15092 | Lair:4   | 15092 ||| FLEEEEING.
 15093 | Lair:4   | 15093 ||| FLEEEEING.
 15094 | Lair:4   | 15094 ||| FLEEEEING.
 15095 | Lair:4   | 15095 ||| FLEEEEING.
 15096 | Lair:4   | 15096 ||| FLEEEEING.
 15097 | Lair:4   | 15097 ||| FLEEEEING.
 15098 | Lair:4   | 15098 ||| FLEEEEING.
 15099 | Lair:4   | 15099 ||| FLEEEEING.
 15100 | Lair:4   | 15100 ||| STAIRDANCE
 15104 | Lair:4   | 15104 ||| INVOKING Heroism.
 15225 | Lair:4   | 15225 ||| INVOKING Heroism.
 15238 | Lair:4   | Found a snail-covered altar of Cheibriados.
 15243 | Lair:4   | 15243 ||| FLEEEEING.
 15244 | Lair:4   | 15244 ||| FLEEEEING.
 15245 | Lair:4   | 15245 ||| FLEEEEING.
 15246 | Lair:4   | 15246 ||| FLEEEEING.
 15247 | Lair:4   | 15247 ||| INVOKING Heroism.
 15612 | Lair:5   | Entered Level 5 of the Lair of Beasts
 15613 | Lair:5   | 15613 ||| INVOKING Heroism.
 15614 | Lair:5   | 15614 ||| STAIRDANCE
 15628 | Lair:5   | 15628 ||| STAIRDANCE
 15704 | Lair:5   | 15704 ||| INVOKING Heroism.
 15705 | Lair:5   | 15705 ||| INVOKING Finesse.
 15706 | Lair:5   | Found a staircase to the Slime Pits.
 15967 | Lair:5   | 15967 ||| INVOKING Heroism.
 16185 | Lair:5   | 16185 ||| INVOKING Heroism.
 16186 | Lair:5   | 16186 ||| INVOKING Finesse.
 16188 | Lair:5   | 16188 ||| SWAPPING to +0 morningstar.
 16197 | Lair:5   | 16197 ||| SWAPPING to +2 war axe of draining.
 16318 | Lair:5   | 16318 ||| Stepping ~*~*~tactically~*~*~ (stealth).
 16320 | Lair:5   | 16320 ||| INVOKING Heroism.
 16323 | Lair:5   | 16323 ||| Stepping ~*~*~tactically~*~*~ (stealth).
 16351 | Lair:5   | 16351 ||| INVOKING Finesse.
 16403 | Lair:5   | 16403 ||| Stepping ~*~*~tactically~*~*~ (stealth).
 16406 | Lair:5   | 16406 ||| Stepping ~*~*~tactically~*~*~ (stealth).
 16471 | Lair:5   | 16471 ||| Stepping ~*~*~tactically~*~*~ (stealth).
 16472 | Lair:5   | 16472 ||| INVOKING Heroism.
 16489 | Lair:5   | Reached skill level 15 in Axes
 16489 | Lair:5   | 16489 ||| INVOKING Finesse.
 16516 | Lair:5   | Gained mutation: Your large and strong wings let you fly.
                  | [Gargoyle growth]
 16516 | Lair:5   | Reached XP level 14. HP: 27/90 MP: 16/21
 16540 | Lair:5   | 16540 ||| INVOKING Heroism.
 16563 | Lair:5   | 16563 ||| Stepping ~*~*~tactically~*~*~ (stealth).
 16592 | Lair:5   | 16592 ||| Stepping ~*~*~tactically~*~*~ (stealth).
 16593 | Lair:5   | 16593 ||| INVOKING Heroism.
 16642 | Lair:5   | 16642 ||| INVOKING Heroism.
 16880 | Lair:5   | 16880 ||| Stepping ~*~*~tactically~*~*~ (stealth).
 16881 | Lair:5   | 16881 ||| INVOKING Heroism.
 16885 | Lair:5   | 16885 ||| INVOKING Finesse.
 16894 | Lair:5   | Reached skill level 12 in Fighting
 16981 | Lair:5   | 16981 ||| INVOKING Heroism.
 16982 | Lair:5   | 16982 ||| INVOKING Finesse.
 16993 | Lair:5   | 16993 ||| Stepping ~*~*~tactically~*~*~ (stealth).
 17036 | Lair:5   | 17036 ||| Stepping ~*~*~tactically~*~*~ (stealth).
 17074 | Lair:5   | 17074 ||| Stepping ~*~*~tactically~*~*~ (stealth).
 17076 | Lair:5   | 17076 ||| Stepping ~*~*~tactically~*~*~ (stealth).
 17126 | Lair:5   | 17126 ||| INVOKING Heroism.
 17180 | Lair:5   | 17180 ||| INVOKING Heroism.
 17181 | Lair:5   | 17181 ||| INVOKING Finesse.
 17431 | Lair:5   | Found an ancient bone altar of Kikubaaqudgha.
 17432 | Lair:5   | 17432 ||| INVOKING Heroism.
 17433 | Lair:5   | 17433 ||| INVOKING Finesse.
 17620 | Lair:5   | 17620 ||| Stepping ~*~*~tactically~*~*~ (stealth).
 17730 | Lair:5   | 17730 ||| PLANNING D:1-11
 17730 | Lair:5   | 17730 ||| UPGRADING to +2 buckler.
 17740 | Lair:5   | 17740 ||| DROPPING +0 buckler.
 17741 | Lair:5   | 17741 ||| READING scroll labelled FAUREATEIJA.
 17835 | D:10     | Entered Level 10 of the Dungeon
 17836 | D:10     | 17836 ||| STAIRDANCE
 17842 | D:10     | 17842 ||| STAIRDANCE
 17847 | D:10     | 17847 ||| STAIRDANCE
 17899 | D:10     | Noticed qw's ghost (novice MiBe)
 17904 | D:10     | Found a runed translucent gate.
 17904 | D:10     | Found a runed translucent gate.
 17904 | D:10     | Found a runed translucent gate.
 17954 | D:10     | 17954 ||| Stepping ~*~*~tactically~*~*~ (hiding).
 17958 | D:10     | 17958 ||| Stepping ~*~*~tactically~*~*~ (hiding).
 18006 | D:10     | Reached skill level 16 in Axes
 18047 | D:10     | Found a white marble altar of Elyvilon.
 18048 | D:10     | 18048 ||| SWAPPING to +0 broad axe.
 18049 | D:10     | 18049 ||| DROPPING +2 war axe of draining.
 18065 | D:10     | Found a shimmering altar of Xom.
 18084 | D:10     | 18084 ||| Stepping ~*~*~tactically~*~*~ (hiding).
 18087 | D:10     | 18087 ||| Stepping ~*~*~tactically~*~*~ (hiding).
 18211 | D:10     | 18211 ||| INVOKING Heroism.
 18326 | D:10     | 18326 ||| Stepping ~*~*~tactically~*~*~ (stealth).
 18602 | D:11     | Noticed Sonja
 18603 | D:11     | 18603 ||| INVOKING Finesse.
 18631 | D:11     | Killed Sonja
 18755 | D:11     | 18755 ||| INVOKING Heroism.
 18756 | D:11     | Noticed Lodul
 18757 | D:11     | 18757 ||| Stepping ~*~*~tactically~*~*~ (hiding).
 18787 | D:11     | Killed Lodul
 18856 | D:11     | Found a transporter.
 18871 | D:11     | 18871 ||| Stepping ~*~*~tactically~*~*~ (stealth).
 18872 | D:11     | 18872 ||| INVOKING Heroism.
 18873 | D:11     | 18873 ||| INVOKING Finesse.
 18876 | D:11     | 18876 ||| STAIRDANCE
 19096 | D:11     | You are sucked into a shaft and drop 1 floor!
 19321 | D:12     | 19321 ||| READING 7 scrolls of teleportation.
 19322 | D:12     | 19322 ||| INVOKING Heroism.
 19343 | D:12     | HP: 18/92 [manticore/volley of spikes (14)]
 19344 | D:12     | 19344 ||| READING 6 scrolls of teleportation.
 19345 | D:12     | 19345 ||| DRINKING 5 potions of heal wounds.
 19346 | D:12     | HP: 6/92 [manticore/volley of spikes (12)]
 19347 | D:12     | 19347 ||| DRINKING 4 potions of heal wounds.
 19380 | D:12     | 19380 ||| INVOKING Heroism.
 19575 | D:12     | Found a sacrificial altar of Ru.
 19616 | D:12     | Found a staircase to the Orcish Mines.
 19619 | D:12     | 19619 ||| INVOKING Heroism.
 19667 | D:12     | Identified the +5 flail "Goepni Tiag" {freeze, rPois Will-
                  | Int+2}
 19669 | D:12     | 19669 ||| DROPPING +5 flail "Goepni Tiag" {freeze, rPois
                  | Will- Int+2}.
 19675 | D:12     | 19675 ||| INVOKING Heroism.
 19727 | D:12     | Noticed Nergalle
 19737 | D:12     | Killed Nergalle
 19789 | D:12     | 19789 ||| DROPPING ring of willpower.
 19803 | D:12     | 19803 ||| INVOKING Heroism.
 19814 | D:11     | 19814 ||| INVOKING Finesse.
 19868 | D:11     | 19868 ||| INVOKING Heroism.
 19869 | D:11     | 19869 ||| SWAPPING to +0 morningstar.
 19876 | D:11     | 19876 ||| SWAPPING to +0 broad axe.
 20245 | D:11     | 20245 ||| PLANNING D
 20337 | D:12     | 20337 ||| INVOKING Heroism.
 20723 | D:12     | 20723 ||| Stepping ~*~*~tactically~*~*~ (stealth).
 20731 | D:12     | 20731 ||| Stepping ~*~*~tactically~*~*~ (hiding).
 20753 | D:12     | 20753 ||| INVOKING Heroism.
 20771 | D:12     | Identified the +1 robe "Yrphe" {Rampage +Inv rPois}
                  | (Okawaru gifted it to you on level 12 of the Dungeon)
 20771 | D:12     | Received a gift from Okawaru
 20847 | D:12     | 20847 ||| Stepping ~*~*~tactically~*~*~ (hiding).
 20856 | D:12     | Reached XP level 15. HP: 96/96 MP: 22/22
 20958 | D:13     | 20958 ||| Stepping ~*~*~tactically~*~*~ (hiding).
 20959 | D:13     | 20959 ||| Stepping ~*~*~tactically~*~*~ (hiding).
 20960 | D:13     | 20960 ||| Stepping ~*~*~tactically~*~*~ (hiding).
 20961 | D:13     | 20961 ||| INVOKING Heroism.
 20965 | D:13     | Reached skill level 17 in Axes
 20987 | D:13     | 20987 ||| Stepping ~*~*~tactically~*~*~ (hiding).
 21013 | D:13     | 21013 ||| INVOKING Heroism.
 21323 | D:13     | 21323 ||| Stepping ~*~*~tactically~*~*~ (hiding).
 21471 | D:13     | Noticed Rupert
 21473 | D:13     | 21473 ||| INVOKING Heroism.
 21474 | D:13     | 21474 ||| INVOKING Finesse.
 21494 | D:13     | Killed Rupert
 21686 | D:13     | 21686 ||| Stepping ~*~*~tactically~*~*~ (hiding).
 21695 | D:13     | 21695 ||| INVOKING Heroism.
 22244 | D:13     | 22244 ||| INVOKING Heroism.
 22478 | D:13     | 22478 ||| Stepping ~*~*~tactically~*~*~ (stealth).
 22484 | D:13     | 22484 ||| INVOKING Heroism.
 22714 | D:13     | 22714 ||| Stepping ~*~*~tactically~*~*~ (hiding).
 22720 | D:13     | 22720 ||| INVOKING Heroism.
 22902 | D:13     | 22902 ||| DRINKING 2 bubbling green potions.
 22903 | D:13     | 22903 ||| READING 5 scrolls of teleportation.
 23359 | D:12     | 23359 ||| INVOKING Heroism.
 23579 | D:14     | 23579 ||| Stepping ~*~*~tactically~*~*~ (stealth).
 23580 | D:14     | 23580 ||| Stepping ~*~*~tactically~*~*~ (stealth).
 23584 | D:14     | 23584 ||| STAIRDANCE
 23591 | D:14     | 23591 ||| STAIRDANCE
 23712 | D:14     | 23712 ||| Stepping ~*~*~tactically~*~*~ (hiding).
 23719 | D:14     | 23719 ||| INVOKING Heroism.
 23728 | D:14     | 23728 ||| Stepping ~*~*~tactically~*~*~ (stealth).
 23746 | D:14     | Killed from afar by a wizard

Levels and vault maps discovered:
D:1:      evilmike_arrival_plus, layout_rooms, nicolae_titane
D:2:      layout_rooms, shapermc_ecumenical_altar_mp_urbaneastern, minivault_14
D:3:      layout_loops_ring, minmay_increasing_density
D:4:      minmay_general_purpose_star, layout_loops_corners
D:5:      layout_loops_cross, temple_pool_b
D:6:      layout_loops_ring, mainiacjoe_overflow_catwalk_spiral,
          gup_sewer_entry_glass, sigmund_army, uniq_duvessa
D:7:      layout_basic, mainiacjoe_overflow_catwalk, minivault_25,
          minmay_fractal_squares_diagonal_5
D:8:      layout_rooms, mainiacjoe_overflow_boulevard
D:9:      layout_basic, erik_lair_orcish_takeover, kennysheep_nub,
          uniq_prince_ribbit1
D:10:     layout_roguey, grunt_temple_overflow_open, gammafunk_ghost_icy
D:11:     layout_roguey, nicolae_diode_basic, uniq_sonja, uniq_lodul
D:12:     minmay_isolated_rectangles_in_corner, layout_long_grid,
          minmay_orc_entry_temple_small, nicolae_ru_sacrificial_ziggurat,
          uniq_nergalle
D:13:     minmay_textured_paths, layout_basic, serial_co_window_serial,
          co_window_of_opportunity_a, co_window_corner_a, co_window_paths_a,
          co_window_cross_1, co_window_corner_a, co_window_corner_a,
          co_window_of_opportunity_a, co_window_paths_a, co_window_corner_a,
          co_window_broadway_b, co_window_corner_cb, co_window_paths_c,
          co_window_corner_ca, co_window_corner_b, glass_columns_a,
          glass_columns_a, glass_columns_a, glass_columns_b, uniq_rupert
D:14:     minmay_the_grid_square_5x5_3x3
          [minmay_the_grid_square_5x5_doubleslash,
          minmay_the_grid_square_5x5_checkered,
          minmay_the_grid_square_5x5_detours,
          minmay_the_grid_square_5x5_misaligned,
          minmay_the_grid_square_5x5_megaprize_checkered,
          minmay_the_grid_square_5x5_bridge, minmay_the_grid_square_5x5_corner,
          minmay_the_grid_square_5x5_trominoes,
          minmay_the_grid_square_5x5_minibox], layout_loops_ring,
          lightli_vaults_fourway_checkpoint, serial_shops,
          nicolae_take_the_stairs, serial_park_tiny_2, minmay_three_doors
Temple:   nicolae_temple_superstar
Lair:1:   layout_cave_pods, nicolae_lair_run_with_the_wolves
Lair:2:   layout_regular_city, dreamdust_gnoll_shepherd
Lair:3:   layout_loops_ring, minmay_swamp_entry_wisps, spider_nest_entry_webs,
          nicolae_lair_lakeside_cave, grunt_megastairs_2, lemuel_fruit_fields,
          uniq_snorg
Lair:4:   layout_hall_layers, st_stairs_12, kennysheep_snail_temple,
          lemuel_fruit_tree
Lair:5:   minmay_lair_end_enchanted_forest, layout_cave_pods,
          minmay_slime_entry_oklob_enclosed, lemuel_oklob_altar

Skill      XL: |  1  2  3  4  5  6  7  8  9 10 11 12 13 14 15 |
---------------+----------------------------------------------+-----
Axes           | 2 3 4 5 7 8 10 11 12 13 15 16 17 | 17.4
Dodging        | 1 2 |  2.1
Fighting       | 4 6 7 8 9 10 11 12 13 | 13.1
Throwing       | 2 3 4 |  4.8
Armour         | 5 6 8 9 10 11 | 11.0
Shields        | 4 5 6 7 8 |  8.1
Invocations    | 4 6 10 | 10.0

Action                   |  1- 3 |  4- 6 |  7- 9 | 10-12 | 13-15 || total
-------------------------+-------+-------+-------+-------+-------++-------
Melee: War axe           |   127 |   190 |   249 |   469 |   456 ||  1491
       Morningstar       |       |       |       |       |    18 ||    18
       Broad axe         |       |       |       |       |   537 ||   537
Throw: Javelin           |       |     9 |    32 |    20 |     1 ||    62
       Boomerang         |       |       |    29 |   100 |    73 ||   202
Invok: Heroism           |       |       |       |    23 |    42 ||    65
       Finesse           |       |       |       |     1 |    13 ||    14
  Use: Scroll            |     7 |     6 |    11 |     8 |     4 ||    36
       Potion            |       |     1 |     2 |     1 |     3 ||     7
Armor: Scale mail        |   102 |   106 |    51 |       |       ||   259
       Chain mail        |       |       |    98 |   106 |       ||   204
       Plate armour      |       |       |       |   148 |   419 ||   567
Dodge: Dodged            |    78 |    73 |   133 |   235 |   398 ||   917
Block: Buckler           |    19 |    33 |    46 |   103 |   259 ||   460

Table legend:
 A = Non-vault XP
 B = Vault XP
 C = Vault XP percentage of total XP
 D = Non-vault monster count
 E = Vault monster count
 F = Vault count percentage of total count
                 A         B        C        D         E       F
            +---------+---------+-------+---------+---------+-------
      Total |   58902 |   49379 |  45.6 |     371 |     203 |  35.4
            +---------+---------+-------+---------+---------+-------
        D:1 |      57 |       0 |   0.0 |      33 |       0 |   0.0
        D:2 |      84 |       0 |   0.0 |      20 |       0 |   0.0
        D:3 |     128 |      11 |   7.9 |      18 |       7 |  28.0
        D:4 |     360 |      30 |   7.7 |      16 |       3 |  15.8
        D:5 |     434 |       0 |   0.0 |      14 |       0 |   0.0
        D:6 |    1081 |     245 |  18.5 |      20 |       9 |  31.0
        D:7 |    1618 |     654 |  28.8 |      21 |       6 |  22.2
        D:8 |    1777 |       0 |   0.0 |      29 |       0 |   0.0
        D:9 |    1731 |     880 |  33.7 |      14 |      10 |  41.7
       D:10 |    1849 |       0 |   0.0 |      14 |       0 |   0.0
       D:11 |    2704 |    2516 |  48.2 |       6 |      10 |  62.5
       D:12 |    4945 |    8231 |  62.5 |      17 |      28 |  62.2
       D:13 |    6374 |   10201 |  61.5 |      27 |      14 |  34.1
       D:14 |     181 |    3436 |  95.0 |       1 |       6 |  85.7
     Lair:1 |    7877 |    1798 |  18.6 |      38 |       7 |  15.6
     Lair:2 |    6502 |     241 |   3.6 |      28 |       2 |   6.7
     Lair:3 |    3726 |    8763 |  70.2 |      18 |      22 |  55.0
     Lair:4 |    2691 |    1508 |  35.9 |       9 |       4 |  30.8
     Lair:5 |   14783 |   10640 |  41.9 |      28 |      51 |  64.6
      Sewer |       0 |     225 | 100.0 |       0 |      24 | 100.0
            +---------+---------+-------+---------+---------+-------
